 Dungeon Sprint DCSS version 0.31-a0-1-g4198be8af4 (webtiles) character file.

Game seed: 13001974148119351427

2100 fozzywoppz the Grappler (level 9, -2/98 HPs)
             Began as a Troll Fighter on Apr 30, 2023.
             Was an Elder of Okawaru.
             Shot with an arrow by a centaur warrior (29 damage)
             ... in the Dungeon (Sprint IX: "|||||||||||||||||||||||||||||").
             The game lasted 00:02:10 (192 turns).

fozzywoppz the Grappler (Troll Fighter)              Turns: 192, Time: 00:02:11

Health: -2/98      AC:  4    Str: 31    XL:     9   Next: 7%
Magic:  8/8        EV: 12    Int:  7    God:    Okawaru [****..]
Gold:   0          SH: 11    Dex: 11    Spells: 8/8 levels left

rFire   . .          .
                       - Unarmed
rCold   . . .        b - +0 kite shield
rNeg    . . .        a - +0 robe
rPois   .            (helmet restricted)
rElec   .            (no cloak)
rCorr   .            (gloves unavailable)
SInv    .            (boots unavailable)
Will    .....        (no amulet)
Stlth   +            n - +3 ring of intelligence
HPRegen 1.16/turn    m - +3 ring of strength
MPRegen 0.11/turn

%: no teleportation
@: mighty, hasted and slowed
A: large, unfitting armour, claws 3, regeneration 1, shaggy fur 1, tough skin 1
a: Renounce Religion, Heroism, Finesse


You were in the Dungeon.
You worshipped Okawaru.
Okawaru was greatly pleased with you.
You visited 1 branch

Inventory:

Armour
 a - a +0 robe (worn)
 b - a +0 kite shield (worn)
 c - +0 acid dragon scales
Jewellery
 m - a +3 ring of strength (right claw)
 n - a +3 ring of intelligence (left claw)
Wands
 l - a wand of iceblast (5)
Scrolls
 i - a scroll of blinking
 k - 2 scrolls of amnesia
Potions
 d - a potion of invisibility
 e - a potion of heal wounds
 g - 4 potions of magic
 h - a potion of berserk rage
 j - 4 potions of curing


   Skills:
 + Level 9.1 Fighting
 + Level 9.1 Dodging
 + Level 10.0 Shields
 + Level 10.6 Unarmed Combat


You had 8 spell levels left.
You didn't know any spells.
Your spell library was empty.

Dungeon Overview and Level Annotations

Branches:
Dungeon (1/1)

Altars:
Cheibriados
Dithmenos
Elyvilon
Fedhas
Gozag
Hepliaklqana
Kikubaaqudgha
Makhleb
Nemelex Xobeh
Okawaru
Qazlal
Ru
Sif Muna
Trog
Uskayaw
Vehumet
Wu Jian
Xom
Yredelemnul
Zin
The Shining One
Jiyva
Lugonu


Innate Abilities, Weirdness & Mutations

You are too large for most types of armour.
You have claws for hands.
Your natural rate of healing is unusually fast.
You are covered in fur. (AC +1)
You have tough skin. (AC +1)


Message History

You closely miss the wraith.
The wraith is almost destroyed.
The wraith hits you!
* * * LOW HITPOINT WARNING * * *
The wraith drains your vigour!
You feel yourself slow down.
You barely miss the wraith.
The wraith is almost destroyed.
You block the wraith's attack.
You closely miss the wraith.
The wraith is almost destroyed.
The wraith hits you.
* * * LOW HITPOINT WARNING * * *
The wraith drains your vigour!
You feel as though you will be slow longer.
You closely miss the wraith.
The wraith is almost destroyed.
The wraith misses you.
You closely miss the wraith.
The wraith is almost destroyed.
You block the wraith's attack.
You barely miss the wraith.
The wraith is almost destroyed.
The wraith closely misses you.
You mangle the wraith!!
You destroy the wraith!
Okawaru is honoured by your kill.
The centaur warrior wields a +0 longbow.
The centaur warrior shoots an arrow.
The arrow hits you!
* * * LOW HITPOINT WARNING * * *
Your Shields skill increases to level 10!
You have reached level 9!
Your experience leads to an increase in your attributes!
Your base attributes are Str 25, Int 4, Dex 11.
Increase (S)trength, (I)ntelligence, or (D)exterity?
You feel stronger. x3
Okay, then.
You feel much better.
Your extra speed is starting to run out.
The centaur warrior shoots an arrow.
The arrow hits you!!
You die...

▓.▓
▓[▓
▓[▓
▓[▓
▓.▓
▓.▓
▓)▓
▓)▓
▓@▓
▓.▓
▓c▓
▓O▓
▓T▓
▓)▓
▓.▓
▓.▓
▓.▓


You could see a centaur warrior, a two-headed ogre and a troll.

Vanquished Creatures
  A hydra (D)
  A centaur warrior (D)
  A yak (D)
  A wraith (D)
  An acid dragon (D)
  A water moccasin (D)
  An orc warrior (D)
  A phantom (D)
  A kobold brigand (D)
  A gnoll sergeant (D)
  A wight (D)
  A hound (D)
  An adder (D)
  A dart slug (D)
  A ball python (D)
  4 goblins (D)
19 creatures vanquished.

Notes
Turn   | Place    | Note
-------+----------+-------------------------------------------
     0 | D        | fozzywoppz the Troll Fighter began the quest for the Orb.
     0 | D        | Reached XP level 1. HP: 22/22 MP: 0/0
    26 | D        | Noticed a hound
    26 | D        | Noticed a phantom
    26 | D        | Noticed a water moccasin
    34 | D        | Killed a hound
    35 | D        | Reached XP level 2. HP: 28/31 MP: 1/1
    35 | D        | Reached XP level 3. HP: 34/37 MP: 2/2
    50 | D        | Killed a phantom
    51 | D        | Reached skill level 5 in Shields
    51 | D        | Reached skill level 5 in Unarmed Combat
    51 | D        | Reached XP level 4. HP: 38/49 MP: 3/3
    61 | D        | Killed a water moccasin
    62 | D        | Reached skill level 5 in Fighting
    62 | D        | Reached skill level 5 in Dodging
    62 | D        | Reached XP level 5. HP: 25/57 MP: 4/4
    73 | D        | Found a snail-covered altar of Cheibriados.
    73 | D        | Found a shadowy altar of Dithmenos.
    73 | D        | Found a white marble altar of Elyvilon.
    73 | D        | Found a blossoming altar of Fedhas.
    73 | D        | Found an opulent altar of Gozag.
    74 | D        | Found a hazy altar of Hepliaklqana.
    75 | D        | Found a viscous altar of Jiyva.
    76 | D        | Found an ancient bone altar of Kikubaaqudgha.
    77 | D        | Found a corrupted altar of Lugonu.
    78 | D        | Found a burning altar of Makhleb.
    79 | D        | Found a sparkling altar of Nemelex Xobeh.
    80 | D        | Found an iron altar of Okawaru.
    81 | D        | Found a stormy altar of Qazlal.
    82 | D        | Found a sacrificial altar of Ru.
    83 | D        | Found a shimmering blue altar of Sif Muna.
    84 | D        | Found a bloodstained altar of Trog.
    85 | D        | Found a hide-covered altar of Uskayaw.
    86 | D        | Found a radiant altar of Vehumet.
    87 | D        | Found an ornate altar of the Wu Jian Council.
    88 | D        | Became a worshipper of Warmaster Okawaru
    89 | D        | Found a shimmering altar of Xom.
    90 | D        | Found a basalt altar of Yredelemnul.
    91 | D        | Found a glowing silver altar of Zin.
    92 | D        | Found a glowing golden altar of the Shining One.
   132 | D        | Noticed an orc warrior
   132 | D        | Noticed an acid dragon
   132 | D        | Noticed a yak
   137 | D        | Killed an orc warrior
   138 | D        | Reached XP level 6. HP: 61/67 MP: 5/5
   142 | D        | Killed an acid dragon
   142 | D        | Reached * piety under Okawaru
   145 | D        | Killed a yak
   146 | D        | Reached XP level 7. HP: 48/78 MP: 6/6
   164 | D        | Noticed a centaur warrior
   164 | D        | Noticed a wraith
   164 | D        | Noticed a seven-headed hydra
   164 | D        | Noticed a centaur warrior
   164 | D        | Noticed a two-headed ogre
   164 | D        | Noticed a troll
   173 | D        | Killed a centaur warrior
   173 | D        | Reached ** piety under Okawaru
   173 | D        | Reached *** piety under Okawaru
   174 | D        | Reached XP level 8. HP: 58/89 MP: 7/7
   182 | D        | Killed an eight-headed hydra
   182 | D        | Reached **** piety under Okawaru
   183 | D        | Reached skill level 10 in Unarmed Combat
   192 | D        | Reached skill level 10 in Shields
   192 | D        | Reached XP level 9. HP: 6/98 MP: 8/8
   192 | D        | Shot with an arrow by a centaur warrior

Illustrated notes

Levels and vault maps discovered:
D:        linesprint [early_d, line_temple, items_1, d_10, items_2, lair_1,
          lair_end, items_3, orc_1, orc_end, items_4, d_15, swamp_1, shoals_1,
          snake_1, spider_1, d_20, vaults_1, items_5, swamp_end, shoals_end,
          snake_end, spider_end, vaults_end, d_27, items_6, zot_1, zot_end,
          crypt_end, forest_end, elf_end, slime_end, tomb_end, abyss_end,
          pan_hell_end]

Skill      XL: |  1  2  3  4  5  6  7  8 |
---------------+-------------------------+-----
Shields        | 3 5 6 7 9 10 | 10.0
Fighting       | 3 4 5 6 7 8 9 |  9.1
Dodging        | 3 4 5 6 7 8 9 |  9.1
Unarmed Combat | 3 5 6 8 9 10 | 10.6

Action                     |  1- 3 |  4- 6 |  7- 9 || total
---------------------------+-------+-------+-------++-------
  Melee: Unarmed           |    36 |    25 |    26 ||    87
  Evoke: Wand              |       |       |     5 ||     5
    Use: Potion            |       |     2 |     3 ||     5
         Scroll            |       |       |     1 ||     1
 Armour: Robe              |     3 |     1 |     6 ||    10
  Dodge: Dodged            |     8 |     5 |     6 ||    19
  Block: Kite shield       |    13 |    11 |    10 ||    34

Table legend: (Time is in decaauts)
 A = Elapsed time spent in this place.
 B = Non-inter-level travel time spent in this place.
 C = Inter-level travel time spent in this place.
 D = Time resting spent in this place.
 E = Time spent auto-exploring this place.
 F = Levels seen in this place.
 G = Mean time per level.
                   A        B        C        D        E       F      G
               +--------+--------+--------+--------+--------+-----+--------+
         Total |    182 |    182 |      0 |      0 |      0 |   1 |  182.0 |
       Dungeon |    182 |    182 |      0 |      0 |      0 |   1 |  182.0 |
               +--------+--------+--------+--------+--------+-----+--------+

Top non-repeatable levels by time:
       D: 182 daAuts
